 Dungeon Crawl Stone Soup version 0.30-a0-125-g51eefa89be (webtiles) character file.

Game seed: 29603250595930505

4534 juncz the Fighter (level 10, -10/80 HPs)
             Began as a Djinni Conjurer on Sept 18, 2022.
             Was a Believer of Makhleb.
             Mangled by a death yak (16 damage)
             ... on level 8 of the Dungeon.
             The game lasted 00:27:34 (10557 turns).

juncz the Fighter (Djinni Conjurer)                Turns: 10557, Time: 00:27:34

Health: -10/80     AC:  2    Str:  2    XL:     10   Next: 66%
Gold:   346        EV: 13    Int: 24    God:    Makhleb [**....] SH:  0 Dex: 18

rFire   + . .      SeeInvis +    A - +9 falchion "Viebieb" {venom, rElec rN++ Str-4 SInv}
rCold   . . .      Faith    .    (no shield)
rNeg    + + .      Spirit   .    a - +0 robe
rPois   ∞          Reflect  .    (no helmet)
rElec   +          Harm     .    (no cloak)
rCorr   .          Rampage  .    (no gloves)
Will    +....                    (boots unavailable)
Stlth   ++........               q - amulet of regeneration
HPRegen 1.03/turn                s - +6 ring of dexterity
MPRegen 0.00/turn                c - ring of ice

@: flying
A: sickness immunity, fire resistance 2, cold vulnerability 1, float, innate
caster, HP casting, extra vitality 1
a: Renounce Religion, Minor Destruction


You were on level 8 of the Dungeon.
You worshipped Makhleb.
Makhleb was pleased with you.
You visited 2 branches of the dungeon, and saw 9 of its levels.

You collected 346 gold pieces.

Inventory:

Hand Weapons
 A - the +9 falchion "Viebieb" (weapon) {venom, rElec rN++ Str-4 SInv}
   (You found it on level 7 of the Dungeon)

   It poisons the flesh of those it strikes.
   Str:       It affects your strength (-4).
   rElec:     It insulates you from electricity.
   rN:        It greatly protects you from negative energy.
   SInv:      It lets you see invisible.
Missiles
 b - 12 poisoned darts
 e - 56 stones (quivered)
 t - a throwing net
Armour
 a - a +0 robe (worn)
 w - a +0 buckler
Magical Staves
 m - a staff of fire
Jewellery
 c - a ring of ice (right hand)
 q - an amulet of regeneration (around neck)
 s - a +6 ring of dexterity (left hand)
 y - a ring of resist corrosion
Wands
 d - a wand of paralysis (15)
 u - a wand of polymorph (9)
Scrolls
 f - a scroll of enchant weapon
 g - 2 scrolls of fear
 h - a scroll of summoning
 j - a scroll of immolation
 k - 4 scrolls of amnesia
 l - 2 scrolls of magic mapping
 n - 4 scrolls of noise {unknown}
 o - 4 scrolls of teleportation
 x - a scroll of enchant armour {unknown}
Potions
 i - 6 potions of lignification
 p - 6 potions of heal wounds {unknown}
 r - 5 potions of flight {unknown}
 v - a potion of brilliance {unknown}
 z - a potion of cancellation {unknown}
 B - 2 potions of haste {unknown}
 C - a potion of ambrosia {unknown}


   Skills:
 + Level 9.8 Fighting
 - Level 3.1 Dodging
 - Level 2.3 Stealth
 - Level 4.0 Shields
 + Level 8.4 Spellcasting


You had 3 spell levels left.
You knew the following spells:

 Your Spells              Type           Power      Damage    Failure   Level
a - Magic Dart            Conj           100%       1d8       1%          1
b - Searing Ray           Conj           100%       2d8       1%          2
c - Dazzling Flash        Conj/Hex       100%       N/A       1%          3
d - Fulminant Prism       Conj/Hex       25%        3d14      1%          4
e - Iskenderun's Mystic   Conj/Tloc      50%        2d11      1%          4
f - Sandblast             Erth           100%       2d20      1%          1
g - Ensorcelled Hibernat  Hex/Ice        100%       N/A       1%          2
h - Scorch                Fire           100%       2d10      1%          2
i - Mephitic Cloud        Conj/Pois/Air  50%        N/A       1%          3
Your spell library was empty.

Dungeon Overview and Level Annotations

Branches:
Dungeon (8/15)             Temple (1/1) D:6            Lair (0/5) D:8

Altars:
Ashenzari
Cheibriados
Dithmenos
Fedhas
Gozag
Hepliaklqana
Makhleb
Okawaru
Qazlal
Ru
Trog
Xom
Yredelemnul
Zin
The Shining One

Annotations:
D:6 2 runed translucent doors, freelancePsychic's ghost, novice GnFi


Innate Abilities, Weirdness & Mutations

You are immune to sickness and miasma.
You are immune to poison.
Your flesh is very heat resistant. (rF++)
You are vulnerable to cold. (rC-)
You float through the air rather than walking.
You learn spells naturally, not from books.
Your magical power is your life essence.
You have superior vitality. (+4 MHP)


Message History

Confirm with . or Enter, or press ? or * to list all spells.
You erupt in a blast of force!
The mystic blast hits the death yak!
The death yak is heavily wounded.
The mystic blast hits the death yak!
The death yak is severely wounded.
The death yak gores you!
Casting: Iskenderun's Mystic Blast (dangerous; 1% risk of failure)
Confirm with . or Enter, or press ? or * to list all spells.
Flames lash the death yak.
The death yak is burned terribly!
The death yak is severely wounded.
The death yak gores you.
* * * LOW HITPOINT WARNING * * *
Casting: Scorch (safe; 1% risk of failure)
Confirm with . or Enter, or press ? or * to list all spells.
Flames lash the death yak.
The death yak is burned terribly!
The death yak is almost dead.
* * * LOW HITPOINT WARNING * * *
The death yak barely misses you.
Okay, then.
Casting: Scorch (safe; 1% risk of failure)
Confirm with . or Enter, or press ? or * to list all spells.
Flames lash the death yak.
The death yak is severely wounded.
The death yak's fire resistance burns away.
* * * LOW HITPOINT WARNING * * *
The death yak is no longer more vulnerable to fire.
The death yak barely misses you.
Casting: Scorch (safe; 1% risk of failure)
Confirm with . or Enter, or press ? or * to list all spells.
Flames lash the death yak.
The death yak is burned terribly!
The death yak is almost dead.
* * * LOW HITPOINT WARNING * * *
The death yak misses you.
You hit the death yak but do no damage.
The death yak is poisoned.
The death yak is severely wounded.
The death yak gores you!
* * * LOW HITPOINT WARNING * * *
The death yak is no longer more vulnerable to fire.
The death yak attacks as you move away! The death yak gores you!
You die...

.##...##)###..##)#######..#
##..#..#..#..###.# ..
#...##.##.###..#.# #
..#..#..#..'...#.#
#############.##Y#
...........#.#
#..#######.#Y#
#####..#.....#.#Y#
....#..#..##.#.#@#
###.#..#.....#.#.#
##.#..#.......#.#
#.....#.....###.#
##..#..#.#.#####.#
....##.#.........#
.##.##.#>..#######
...<.#.#...#.#
######.##....###


You could see 3 death yaks.

Vanquished Creatures
  2 two-headed ogres (D:8)
  Eustachio (D:5)
  2 steam dragons
  3 water moccasins
  2 black bears
  4 ice beasts
  4 sky beasts
  2 orc warriors
  2 centaurs
  2 phantoms (D:6)
  A kobold brigand (D:7)
  2 necrophages
  A scorpion (D:7)
  Blork the orc (D:4)
  2 bullfrogs
  A wight (D:8)
  A killer bee (D:8)
  2 howler monkeys (D:8)
  5 orc priests
  A hound (D:7)
  A gnoll bouda (D:5)
  3 iguanas
  3 orc wizards
  5 adders
  12 gnolls
  A river rat (D:8)
  A shadow imp (D:7)
  A white imp (D:7)
  An ufetubus (D:5)
  4 worms
  2 dart slugs (D:1)
  17 orcs
  7 ball pythons
  2 endoplasms
  2 giant cockroaches
  A goblin (D:1)
  10 hobgoblins
  5 jackals (D:4)
  8 quokkas
  6 bats
  2 frilled lizards
  2 goblin zombies (D:7)
  2 hobgoblin zombies (D:7)
  9 kobolds
  A kobold skeleton (D:7)
  2 kobold zombies (D:7)
  An orc skeleton (D:7)
  An orc zombie (D:7)
  5 rats
158 creatures vanquished.

Vanquished Creatures (others)
  4 fulminant prisms (D:8)
4 creatures vanquished.

Grand Total: 162 creatures vanquished

Notes
Turn   | Place    | Note
-------+----------+-------------------------------------------
     0 | D:1      | juncz the Djinni Conjurer began the quest for the Orb.
     0 | D:1      | juncz set off with the following spells memorised: Magic
                  | Dart, Searing Ray, Dazzling Flash, Fulminant Prism,
                  | Iskenderun's Mystic Blast.
     0 | D:1      | Reached XP level 1. HP: 15/15 MP: 0/0
   385 | D:1      | Reached XP level 2. HP: 15/21 MP: 0/0
   600 | D:1      | Found a faded altar of an unknown god.
  1442 | D:1      | Reached XP level 3. HP: 23/25 MP: 0/0
  1442 | D:1      | Learned a level 1 spell: Sandblast
  1566 | D:1      | You are sucked into a shaft and drop 1 floor!
  2547 | D:2      | Reached XP level 4. HP: 29/31 MP: 0/0
  3597 | D:3      | Found a snail-covered altar of Cheibriados.
  3597 | D:3      | Found a blossoming altar of Fedhas.
  3605 | D:3      | Found a faded altar of an unknown god.
  3607 | D:3      | Found a stormy altar of Qazlal.
  3609 | D:3      | Found an opulent altar of Gozag.
  3796 | D:3      | Reached skill level 1 in Fighting
  3873 | D:3      | Found a basalt altar of Yredelemnul.
  4372 | D:4      | Noticed a necrophage
  4375 | D:4      | Killed a necrophage
  4376 | D:4      | Reached skill level 2 in Fighting
  4376 | D:4      | Reached XP level 5. HP: 38/38 MP: 0/0
  4376 | D:4      | Learned a level 2 spell: Ensorcelled Hibernation
  4554 | D:4      | Reached XP level 6. HP: 27/45 MP: 0/0
  5119 | D:4      | Reached skill level 3 in Fighting
  5251 | D:4      | Noticed Blork the orc
  5258 | D:4      | Killed Blork the orc
  5259 | D:4      | Reached XP level 7. HP: 45/51 MP: 0/0
  5259 | D:4      | Learned a level 2 spell: Scorch
  5638 | D:5      | Entered Level 5 of the Dungeon
  5671 | D:5      | Reached skill level 4 in Fighting
  5671 | D:5      | Reached skill level 5 in Spellcasting
  6240 | D:5      | Noticed a water moccasin
  6244 | D:5      | Killed a water moccasin
  6245 | D:5      | Reached skill level 5 in Fighting
  6245 | D:5      | Reached XP level 8. HP: 56/59 MP: 0/0
  6423 | D:5      | Noticed Eustachio
  6448 | D:5      | Killed Eustachio
  6628 | D:5      | Found a shadowy altar of Dithmenos.
  6708 | D:5      | Reached skill level 6 in Fighting
  7177 | D:6      | Found a large runed translucent door.
  7178 | D:6      | Found a large runed translucent door.
  7186 | D:6      | Noticed freelancePsychic's ghost (novice GnFi)
  7216 | D:6      | Found a staircase to the Ecumenical Temple.
  7228 | Temple   | Entered the Ecumenical Temple
  7465 | Temple   | Became a worshipper of Makhleb the Destroyer
  7515 | D:6      | Reached XP level 9. HP: 39/67 MP: 0/0
  7515 | D:6      | Learned a level 3 spell: Mephitic Cloud
  7784 | D:6      | Reached skill level 7 in Fighting
  8198 | D:6      | Reached skill level 1 in Shields
  8967 | D:7      | Reached skill level 8 in Fighting
  9287 | D:7      | Found a glowing golden altar of the Shining One.
  9293 | D:7      | Reached * piety under Makhleb
  9541 | D:7      | Identified the +9 falchion "Viebieb" {venom, rElec rN++
                  | Str-4 SInv}
  9698 | D:8      | Noticed a death yak
  9698 | D:8      | Noticed a death yak
  9698 | D:8      | Found a staircase to the Lair.
  9699 | D:8      | Noticed a death yak
  9733 | D:8      | Reached XP level 10. HP: 43/76 MP: 0/0
  9782 | D:8      | Identified the +0 leather armour of the Circus Animal
                  | {rElec Int+4 Dex-3}
 10198 | D:8      | Noticed a two-headed ogre
 10207 | D:8      | Killed a two-headed ogre
 10208 | D:8      | Reached skill level 9 in Fighting
 10379 | D:8      | Noticed a two-headed ogre
 10386 | D:8      | Killed a two-headed ogre
 10527 | D:8      | Reached ** piety under Makhleb
 10553 | D:8      | HP: 3/80 [death yak (16)]
 10557 | D:8      | Mangled by a death yak

Illustrated notes

Levels and vault maps discovered:
D:1:      spicycebolla_green_bress_n_ham, layout_loops_ring,
          basic_ecumenical_altar
D:2:      layout_basic, nrook_mini_vaults
D:3:      layout_loops_cross, nicolae_overflow_hidden_temple,
          chequers_temple_overflow_minitemple
D:4:      layout_rooms, uniq_blork_the_orc
D:5:      layout_cave_pods, lemuel_tele_altar, uniq_eustachio
D:6:      layout_basic, minmay_temple_entry_glassed_door,
          ebering_ghost_disaster_area
D:7:      layout_loops_cross, lemuel_blue_sif_altar,
          nicolae_tso_besieged_by_evil
D:8:      minmay_razor_zed, layout_basic, dpeg_lair_monsters
Temple:   dpeg_chambers_temple

Skill      XL: |  1  2  3  4  5  6  7  8  9 10 |
---------------+-------------------------------+-----
Stealth        | 2 |  2.3
Dodging        | 3 |  3.1
Fighting       | 2 3 5 6 8 9 |  9.8
Spellcasting   | 4 5 6 7 8 |  8.4
Shields        | 3 4 |  4.0

Action                   |  1- 3 |  4- 6 |  7- 9 | 10-12 || total
-------------------------+-------+-------+-------+-------++-------
Melee: Staff             |       |     9 |       |       ||     9
       Falchion          |       |       |       |     1 ||     1
 Cast: Magic Dart        |    36 |    75 |    62 |     1 ||   174
       Sandblast         |    21 |    32 |     1 |       ||    54
       Ensorcelled Hiber |       |     1 |     2 |       ||     3
       Scorch            |       |       |   112 |    47 ||   159
       Mephitic Cloud    |       |       |     1 |       ||     1
       Iskenderun's Myst |       |       |       |     5 ||     5
       Fulminant Prism   |       |       |       |     4 ||     4
  Use: Potion            |       |     4 |       |       ||     4
       Scroll            |       |       |     7 |       ||     7
Armor: Robe              |       |     2 |     2 |     3 ||     7
       Skin              |       |     8 |       |       ||     8
Dodge: Dodged            |    10 |    10 |    16 |    17 ||    53

Table legend: (Time is in decaauts)
 A = Elapsed time spent in this place.
 B = Non-inter-level travel time spent in this place.
 C = Inter-level travel time spent in this place.
 D = Time resting spent in this place.
 E = Time spent auto-exploring this place.
 F = Levels seen in this place.
 G = Mean time per level.
                   A        B        C        D        E       F      G
               +--------+--------+--------+--------+--------+-----+--------+
         Total |  10584 |  10271 |    313 |   4036 |   5273 |   9 | 1176.0 |
       Dungeon |  10319 |  10058 |    261 |   4036 |   5070 |   8 | 1289.9 |
        Temple |    264 |    212 |     52 |      0 |    203 |   1 |  264.0 |
               +--------+--------+--------+--------+--------+-----+--------+

Top non-repeatable levels by time:
     D:1: 2046 daAuts
     D:5: 1516 daAuts
     D:2: 1405 daAuts
     D:4: 1291 daAuts
     D:7: 1225 daAuts
     D:6: 1063 daAuts
     D:3: 922 daAuts
     D:8: 847 daAuts
  Temple: 264 daAuts
